 Dungeon Crawl Stone Soup version 0.20-a0-556-g892c87b (webtiles) character file.

19902 TuxedoFelix the Severer (level 12, -2/108 HPs)
             Began as a Minotaur Berserker on Feb 4, 2017.
             Was an Elder of Trog.
             Killed from afar by an orc wizard (5 damage)
             ... with a magic dart
             ... on level 12 of the Dungeon on Feb 5, 2017.
             The game lasted 01:20:44 (14868 turns).

TuxedoFelix the Severer (Minotaur Berserker)       Turns: 14868, Time: 01:20:45

Health: -2/108     AC: 19    Str: 26    XL:     12   Next: 40%
Magic:  6/6        EV:  8    Int:  4    God:    Trog [****..]
Gold:   551        SH:  0    Dex: 11    Spells: 11/11 levels left

rFire    . . .     SeeInvis +   K - +0 war axe of Ezycs {antimagic, *Slow +Inv rC+ rN+}
rCold    + . .     Gourm    .   N - +0 plate armour
rNeg     + . .     Faith    .   (no shield)
rPois    .         Spirit   .   (helmet restricted)
rElec    .         Reflect  .   x - +0 cloak
rCorr    .         Harm     .   j - +0 pair of gloves
MR       .....                  (no boots)
Stlth    ..........             (no amulet)
Regen    0.3/turn               n - ring of magical power
                                l - ring of see invisible

@: exhausted, about to teleport, slowed, very slow
A: retaliatory headbutt, horns 2, slimy green scales 1
a: Berserk, Trog's Hand, Brothers in Arms, Burn Spellbooks, Renounce Religion,
Evoke Invisibility


You were on level 12 of the Dungeon.
You worshipped Trog.
Trog was greatly pleased with you.
You were not hungry.

You visited 1 branch of the dungeon, and saw 12 of its levels.

You collected 551 gold pieces.

Inventory:

Hand Weapons
 B - a +0 shortbow
 K - the +0 war axe of Ezycs (weapon) {antimagic, *Slow +Inv rC+ rN+}
   (You found it on level 9 of the Dungeon)

   It reduces the magical energy of the wielder, and disrupts the spells and
   magical abilities of those hit.
   Natural abilities and divine invocations are not affected.
   It protects you from cold.
   It protects you from negative energy.
   It lets you turn invisible.
   It may slow you when you take damage.
Missiles
 g - 22 tomahawks (quivered)
 C - 124 arrows
Armour
 j - a +0 pair of gloves (worn)
 x - a +0 cloak (worn)
 N - a +0 plate armour (worn)
Jewellery
 l - a ring of see invisible (left hand)
 n - a ring of magical power (right hand)
Wands
 i - a wand of flame (19/48)
 o - a wand of iceblast (7/15)
 s - a wand of paralysis (6/24)
 u - a wand of flame (10/48)
 y - a wand of digging (19/24)
 z - a wand of iceblast (4/15)
 A - a wand of iceblast (10/15)
 E - a wand of iceblast (5/15)
Scrolls
 c - a scroll of enchant weapon
 d - 3 scrolls of remove curse
 f - 2 scrolls of identify
 p - 3 scrolls of immolation
 q - a scroll of recharging
 t - 3 scrolls of blinking {unknown}
 D - a scroll of random uselessness {unknown}
 L - a scroll of vulnerability {unknown}
Potions
 b - 3 potions of flight
 e - 3 potions of curing
 k - 3 potions of might
 m - a potion of degeneration {unknown}
 r - a potion of brilliance {unknown}
 w - 4 potions of ambrosia
 I - a potion of haste {unknown}
 J - 2 potions of heal wounds
 M - 2 potions of magic
 P - a potion of cure mutation {unknown}
Books
 H - a book of Geomancy

   Spells                             Type                      Level
   a - Sandblast                      Earth                        1
   b - Passwall                       Transmutation/Earth          2
   c - Stone Arrow                    Conjuration/Earth            3
   d - Petrify                        Transmutation/Earth          4
   e - Lee's Rapid Deconstruction     Earth                        5
   Trog disapproves of the use of such an item.
 R - the Reference Book on Enthralling Poison
   (You found it on level 11 of the Dungeon)

   Spells                             Type                      Level
   a - Poisonous Vapours              Poison/Air                   2
   b - Dazzling Spray                 Conjuration/Hexes            3
   c - Summon Guardian Golem          Hexes/Summoning              3
   d - Yara's Violent Unravelling     Hexes/Transmutation          5
   Trog disapproves of the use of such an item.
Comestibles
 a - 6 chunks of flesh
 v - 6 royal jellies
 F - 3 bread rations
 Q - a meat ration


   Skills:
 - Level 10.6 Fighting
 * Level 18.8 Axes
 - Level 10.4 Armour
 - Level 2.1 Dodging


You had 11 spell levels left.
You didn't know any spells.

Dungeon Overview and Level Annotations

Branches:
Dungeon (12/15)            Temple (0/1) D:7            Lair (0/6) D:8
    Orc (0/2) D:9

Altars:
Elyvilon
Gozag
Hepliaklqana
Okawaru
Qazlal
Ru
Trog
Xom
Yredelemnul
The Shining One

Annotations:
D:12 Maurice


Innate Abilities, Weirdness & Mutations

You reflexively headbutt those who attack you in melee.
You have a pair of horns on your head.
You are partially covered in slimy green scales. (AC +2)


Message History

Maurice mumbles some strange words.
Maurice looks slightly unstable.
Your surroundings suddenly seem different.
An orc warrior comes into view.
It is wielding a long sword of electrocution.
The orc warrior shouts!
An orc wizard comes into view. It is wielding a dagger.
The orc wizard shouts!
An orc comes into view. It is wielding a mace.
The orc shouts!
Found a potion of curing and 29 gold pieces.
A centaur warrior skeleton comes into view.
The orc wizard looks satisfied for a moment.
The centaur warrior skeleton hits you.
* * * LOW HITPOINT WARNING * * *
As you read the scroll of teleportation, it crumbles to dust.
You feel strangely unstable.
The centaur warrior skeleton hits you but does no damage.
The orc wizard points at you and mumbles some strange words.
The magic dart hits you!
You die...

........## ..#
...........###...
.................
.....!........$.#
.................
..........o......
.................
........Z...o....
#......@..o......
#................
#................
#................
#..$.............
#...#...........#
...###.###...###.
##. ## ####


You could see an orc warrior, an orc wizard, an orc and a centaur warrior
skeleton.

Vanquished Creatures
  The ghost of kae the Fencer, a journeyman MiFi of Okawaru (D:12)
  4 two-headed ogres
  2 unseen horrors
  2 wizards (D:11)
  An ugly thing (D:11)
  A cyclops (D:11)
  A deep elf mage (D:11)
  Joseph (D:7)
  Psyche (D:11)
  A gargoyle (D:10)
  3 trolls
  A hornet (D:10)
  Grinder (D:5)
  A meliai zombie (D:9)
  4 slime creatures (D:12)
  2 hippogriffs
  A shadow (D:10)
  14 yaks
  4 hogs (D:7)
  A human (D:7)
  2 fire elementals (D:11)
  Grum (D:8)
  2 water moccasins
  7 orc warriors
  2 ice beasts
  5 black bears
  A sky beast (D:8)
  A necrophage (D:9)
  A phantom (D:4)
  10 ogres
  2 wolves (D:8)
  5 centaurs
  2 crocodiles
  Blork the orc (D:5)
  5 bullfrogs
  2 gnoll sergeants
  A wyvern zombie (D:10)
  4 scorpions
  2 water moccasin skeletons
  6 killer bees
  A howler monkey (D:8)
  3 crimson imps
  2 bullfrog zombies
  A quasit (D:8)
  5 orc priests
  A centaur zombie (D:5)
  5 jellies
  9 hounds
  5 bullfrog skeletons
  3 centaur skeletons
  5 iguanas
  9 orc wizards
  11 worker ants
  2 hound skeletons
  A hound zombie (D:8)
  A worker ant zombie (D:5)
  6 gnolls
  2 howler monkey skeletons
  12 adders
  3 shadow imps
  2 oozes
  5 worms
  A dart slug (D:2)
  6 leopard geckos
  36 orcs
  7 bats
  7 giant cockroaches
  11 goblins
  9 hobgoblins
  4 jackals
  4 kobolds
  8 quokkas
  3 ball pythons
  3 frilled lizards
  A jackal skeleton (D:4)
  A quokka zombie (D:8)
  11 rats
  2 fungi (D:8)
317 creatures vanquished.

Vanquished Creatures (collateral kills)
  An orc warrior (D:10)
  An orc (D:10)
2 creatures vanquished.

Vanquished Creatures (others)
  3 fungi (D:8)
3 creatures vanquished.

Grand Total: 322 creatures vanquished

Notes
Turn   | Place    | Note
-------+----------+-------------------------------------------
     0 | D:1      | TuxedoFelix the Minotaur Berserker began the quest for the Orb.
     0 | D:1      | Reached XP level 1. HP: 19/19 MP: 0/0
   194 | D:1      | Reached XP level 2. HP: 19/27 MP: 1/1
   349 | D:1      | Reached skill level 4 in Axes
   783 | D:2      | Found a hazy altar of Hepliaklqana.
   790 | D:2      | Reached XP level 3. HP: 33/33 MP: 2/2
   797 | D:2      | Reached ** piety under Trog
  1340 | D:2      | Found a basalt altar of Yredelemnul.
  1342 | D:2      | Noticed a profane servitor
  1499 | D:2      | Found a glowing golden altar of the Shining One.
  1501 | D:2      | Noticed an angel
  1747 | D:2      | Reached XP level 4. HP: 41/41 MP: 3/3
  1793 | D:3      | Found a bloodstained altar of Trog.
  2087 | D:3      | Reached skill level 5 in Axes
  2515 | D:3      | Found an iron altar of Okawaru.
  2520 | D:3      | Found a white marble altar of Elyvilon.
  2520 | D:3      | Found a sacrificial altar of Ru.
  2530 | D:3      | Reached XP level 5. HP: 47/47 MP: 4/4
  2778 | D:4      | Reached skill level 5 in Fighting
  2788 | D:4      | Reached skill level 6 in Axes
  2788 | D:4      | Reached XP level 6. HP: 42/56 MP: 5/5
  3044 | D:4      | Noticed a hippogriff
  3060 | D:4      | Killed a hippogriff
  3060 | D:4      | Reached skill level 7 in Axes
  3060 | D:4      | Reached skill level 5 in Armour
  3060 | D:4      | Reached XP level 7. HP: 23/63 MP: 6/6
  3356 | D:4      | Reached *** piety under Trog
  3796 | D:5      | Entered Level 5 of the Dungeon
  3819 | D:5      | Reached skill level 8 in Axes
  4143 | D:5      | Reached XP level 8. HP: 71/71 MP: 7/7
  4831 | D:5      | Noticed Grinder
  4838 | D:5      | Paralysed by Grinder for 4 turns
  4856 | D:5      | Paralysed by Grinder for 4 turns
  4878 | D:5      | Killed Grinder
  4878 | D:5      | Reached skill level 9 in Axes
  5073 | D:5      | Noticed Blork the orc
  5084 | D:5      | Killed Blork the orc
  5940 | D:6      | Found a bloodstained altar of Trog.
  5973 | D:6      | Reached skill level 10 in Axes
  6758 | D:6      | Reached XP level 9. HP: 64/81 MP: 8/8
  7146 | D:7      | Found a shimmering altar of Xom.
  7309 | D:7      | Found a staircase to the Ecumenical Temple.
  7481 | D:7      | Reached **** piety under Trog
  7484 | D:7      | Noticed Joseph
  7497 | D:7      | Killed Joseph
  7497 | D:7      | Reached skill level 11 in Axes
  8151 | D:7      | Reached skill level 12 in Axes
  8168 | D:7      | Reached XP level 10. HP: 22/91 MP: 9/9
  8480 | D:8      | Noticed Grum
  9298 | D:8      | Found a staircase to the Lair.
  9421 | D:8      | Killed Grum
  9421 | D:8      | Reached skill level 13 in Axes
  9735 | D:8      | Noticed a two-headed ogre
  9744 | D:8      | Killed a two-headed ogre
  9744 | D:8      | Reached skill level 10 in Fighting
  9744 | D:8      | Reached skill level 10 in Armour
  9823 | D:8      | Gained mutation: You are partially covered in slimy green scales. (AC +2) [mutagenic meat]
 10109 | D:8      | Found a stormy altar of Qazlal.
 10210 | D:8      | Noticed a two-headed ogre
 10217 | D:8      | Killed a two-headed ogre
 10306 | D:9      | Reached skill level 14 in Axes
 10321 | D:9      | Reached ***** piety under Trog
 10358 | D:9      | Found a staircase to the Orcish Mines.
 10457 | D:9      | Reached XP level 11. HP: 85/101 MP: 10/10
 10629 | D:9      | Noticed a two-headed ogre
 10639 | D:9      | Killed a two-headed ogre
 10729 | D:9      | Received a gift from Trog
 10907 | D:9      | Got a dazzling war axe
 10909 | D:9      | Identified the +0 war axe of Ezycs {antimagic, *Slow +Inv rC+ rN+} (You found it on level 9 of the Dungeon)
 11411 | D:10     | Entered Level 10 of the Dungeon
 11467 | D:10     | Reached skill level 15 in Axes
 12123 | D:10     | Noticed a two-headed ogre
 12129 | D:10     | Killed a two-headed ogre
 12477 | D:10     | Reached skill level 16 in Axes
 13106 | D:10     | Received a gift from Trog
 13515 | D:11     | Reached skill level 17 in Axes
 13751 | D:11     | Noticed Psyche
 13753 | D:11     | Noticed a brown ugly thing
 13760 | D:11     | Killed Psyche
 13767 | D:11     | Killed a brown ugly thing
 13827 | D:11     | Noticed an unseen horror
 13840 | D:11     | Killed an unseen horror
 13848 | D:11     | Reached XP level 12. HP: 108/108 MP: 6/11
 14413 | D:11     | Reached skill level 18 in Axes
 14498 | D:11     | Found an opulent altar of Gozag.
 14722 | D:11     | Identified the Reference Book on Enthralling Poison
 14833 | D:12     | Noticed kae's ghost (journeyman MiFi)
 14846 | D:12     | Killed kae's ghost
 14854 | D:12     | Noticed Maurice
 14862 | D:12     | HP: 2/108 [slime creature (12)]
 14867 | D:12     | HP: 3/108 [centaur warrior skeleton (1)]
 14868 | D:12     | Killed from afar by an orc wizard

Vault maps used:
D:1:      dpeg_arrival_pits
D:2:      grunt_temple_overflow_holy_war, lemuel_crystal_altar
D:3:      grunt_temple_overflow_open, first_bread, nrook_mini_vaults,
          trog_three_pillars_becter
D:5:      uniq_grinder, uniq_blork_the_orc
D:6:      trog_ov_bears_minmay
D:7:      xom_teletrap_fun, minmay_temple_entry_junction_2, grunt_livestock,
          uniq_joseph
D:8:      minmay_distorted_concentric_squares, lemuel_round_altar,
          grunt_lair_entry_orc_guard_hut, chequers_ossuary_entry_cave, uniq_grum
D:9:      david_orc_3, water_boxes_lemuel
D:11:     cheibrodos_lost_city_excavation, nicolae_gozag_seed_capital,
          uniq_psyche
D:12:     basic_altar, minmay_st_funbox, uniq_maurice, uniq_kirke

Skill      XL: |  1  2  3  4  5  6  7  8  9 10 11 12 |
---------------+-------------------------------------+-----
Axes           | 4 5 6 7 8 10 12 14 17 18 | 18.8
Fighting       | 4 5 6 8 9 10 | 10.6
Armour         | 3 4 5 6 7 9 10 | 10.4
Dodging        | |  2.1

Action                   |  1- 3 |  4- 6 |  7- 9 | 10-12 || total
-------------------------+-------+-------+-------+-------++-------
Melee: Hand axe          |   102 |    90 |   287 |   254 ||   733
       Headbutt          |    14 |    15 |    62 |   117 ||   208
       War axe           |       |       |       |   313 ||   313
Throw: Tomahawk          |       |       |       |     7 ||     7
Invok: Trog's Hand       |       |     3 |     3 |     6 ||    12
       Berserk           |       |     2 |     8 |    15 ||    25
       Brothers in Arms  |       |       |       |     1 ||     1
       Burn Spellbooks   |       |       |       |     1 ||     1
Evoke: Wand              |       |       |     2 |     4 ||     6
  Use: Scroll            |       |     4 |    11 |     8 ||    23
       Potion            |       |       |       |     3 ||     3
  Eat: Chunk             |     3 |     7 |     5 |    22 ||    37
       Bread ration      |       |       |     2 |     1 ||     3
       Meat ration       |       |       |     2 |     2 ||     4
       Fruit             |       |       |       |     4 ||     4
Armor: Animal skin       |     3 |       |       |       ||     3
       Ring mail         |    23 |    34 |   101 |    74 ||   232
       Plate armour      |       |       |       |   187 ||   187
Dodge: Dodged            |    70 |    56 |   133 |   243 ||   502
